 Dungeon Crawl Stone Soup version 0.30-a0-772-g5528072125 (webtiles) character file.

Game seed: 13906800256532452303

93 Crownlay the Digger (level 4, -4/36 HPs)
             Began as a Gargoyle Earth Elementalist on Feb 12, 2023.
             Slain by a gnoll bouda
             ... wielding a +0 battleaxe
              (5 damage)
             ... on level 4 of the Dungeon.
             The game lasted 00:03:52 (3022 turns).

Crownlay the Digger (Gargoyle Earth Elementalist)   Turns: 3022, Time: 00:03:53

Health: -4/36      AC:  5    Str: 18    XL:     4   Next: 62%
Magic:  2/7        EV: 11    Int: 17    God:
Gold:   162        SH:  0    Dex: 10    Spells: 3/7 levels left

rFire   . . .      SeeInvis .    p - +4 dagger (flame)
rCold   . . .      Faith    .    (no shield)
rNeg    + . .      Spirit   .    a - +0 robe
rPois   ∞          Reflect  .    (no helmet)
rElec   +          Harm     .    (no cloak)
rCorr   .          Rampage  .    (no gloves)
Will    .....                    (no boots) Stlth
                                 (no amulet)
HPRegen 0.26/turn                c - +6 ring of strength
MPRegen 0.10/turn                v - ring of wizardry

@: berserking, very quick
A: sickness immunity, AC +3, negative energy resistance 1, electricity
resistance, torment resistance 1, petrification resistance
a: no special abilities


You were on level 4 of the Dungeon.
You visited 1 branch of the dungeon, and saw 4 of its levels.

You collected 367 gold pieces.
You spent 205 gold pieces at shops.

Inventory:

Hand Weapons
 p - a +4 dagger of flaming (weapon)
Armour
 a - a +0 robe (worn)
Jewellery
 c - a +6 ring of strength (left hand)
 v - a ring of wizardry (right hand)
Scrolls
 e - 6 scrolls of identify
 f - a scroll of magic mapping {unknown}
 g - 2 scrolls of poison
 h - a scroll of immolation {unknown}
 i - 5 scrolls of teleportation
 j - a scroll of amnesia
 m - a scroll of fog {unknown}
 q - 2 scrolls of fear {unknown}
 s - a scroll of noise {unknown}
 t - a scroll of vulnerability {unknown}
 u - 2 scrolls of blinking {unknown}
Potions
 b - a potion of magic
 d - a potion of berserk rage
 k - a potion of might
 l - a potion of lignification {unknown}
 n - a potion of mutation {unknown}
 o - a potion of curing {unknown}
 r - a potion of haste {unknown}


   Skills:
 - Level 1.5 Dodging
 - Level 2.1 Stealth
 + Level 2.1 Spellcasting
 - Level 0.7 Transmutations
 * Level 6.2 Earth Magic


You had 3 spell levels left.
You knew the following spells:

 Your Spells              Type           Power      Damage    Failure   Level
a - Sandblast             Erth           46%        2d11      1%          1
b - Stone Arrow           Conj/Erth      24%        3d8       6%          3

Your spell library contained the following spells:

 Spells                   Type           Power      Damage    Failure   Level
 Passwall                 Tmut/Erth      10%        N/A       2%          2
 Beastly Appendage        Tmut           8%         N/A       6%          1
 Sting                    Tmut/Pois      12%        1d3       7%          1
 Wereblood                Tmut           4%         N/A       9%          2
 Blink                    Tloc           2%         N/A       12%         2
 Lesser Beckoning         Tloc           2%         N/A       12%         2
 Momentum Strike          Conj/Tloc      2%         3d8       12%         2
 Scorch                   Fire           2%         2d5       12%         2
 Spider Form              Tmut/Pois      3%         N/A       21%         3
 Inner Flame              Hex/Fire       1%         N/A       22%         3
 Petrify                  Tmut/Erth      13%        N/A       17%         4
 Flame Wave               Conj/Fire      1%         2d4       56%         4
 Sticky Flame             Conj/Fire      1%         2d3       56%         4
 Summon Cactus Giant      Summ           0%         N/A       100%        6


Dungeon Overview and Level Annotations

Branches:
Dungeon (4/15)
 Temple: D:4-7

Altars:
Elyvilon
Zin

Shops:
D:1 *(*[


Innate Abilities, Weirdness & Mutations

You are immune to sickness and miasma.
Your stone body is resilient. (AC +3)
You are immune to poison.
You resist negative energy. (rN+)
You are resistant to electric shocks. (rElec)
You are resistant to unholy torment.
You are immune to petrification.


Message History

You feel your attacks grow feeble.
The blast of sand hits the gnoll bouda.
The gnoll bouda is moderately wounded.
A gnoll comes into view. It is wielding a +0 spear.
The gnoll bouda barely misses you.
The blast of sand hits the gnoll bouda but does no damage.
The gnoll bouda is moderately wounded.
The gnoll shouts!
The gnoll bouda hits you with a +0 battleaxe!
Ouch! That really hurt!
A gnoll comes into view. It is wielding a +0 club.
The gnoll barely misses you.
The gnoll bouda barks out a call to the hunt!
The gnolls pick up the pace!
You are too injured to fight recklessly!
You are too injured to fight recklessly!
Casting: Sandblast (safe; 1% risk of failure)
Confirm with . or Enter, or press ? or * to list all spells.
Aiming: Sandblast (safe; 1% risk of failure)
Press: ? - help, Shift-Dir - straight line, f/p - gnoll bouda
Aim: a gnoll bouda, wielding a +0 battleaxe and wearing a +0 leather armour (moderately wounded, 85% to hit)
The blast of sand hits the gnoll bouda but does no damage.
The gnoll bouda is moderately wounded.
The gnoll hits you from afar with a +0 spear!
* * * LOW HITPOINT WARNING * * *
A gnoll comes into view. It is wielding a +0 spear.
The gnoll bouda barks out a call to the hunt!
The gnoll picks up the pace!
You hear an angry hiss.
Okay, then.
It was a potion of berserk rage.
A red film seems to cover your vision as you go berserk!
You feel yourself moving faster!
You feel mighty!
Your attacks no longer feel as feeble.
The gnoll hits you from afar with a +0 spear.
* * * LOW HITPOINT WARNING * * *
A ball python comes into view.
You feel a strong urge to attack something.
The gnoll bouda hits you with a +0 battleaxe.
You die...

'#...........#
.............#
.........[...#
.............#
#...........#
#...........#
#...........#
#.$..††@....#
#.....g.....#
#......g..<.#
.......g.....#
##...........#
........g......
#.##.###g####.#.
#. #. #.# .# ..
S.. .#


You could see a gnoll bouda and 4 gnolls.

Vanquished Creatures
  An adder (D:4)
  An ufetubus (D:4)
  6 orcs (D:3)
  9 bats
  6 endoplasms
  3 giant cockroaches
  11 goblins
  9 hobgoblins
  A quokka (D:1)
  8 ball pythons
  2 frilled lizards
  3 kobolds
  4 rats
64 creatures vanquished.

Vanquished Creatures (others)
  2 fungi (D:2)
  5 plants (D:2)
7 creatures vanquished.

Grand Total: 71 creatures vanquished

Notes
Turn   | Place    | Note
-------+----------+-------------------------------------------
     0 | D:1      | Crownlay the Gargoyle Earth Elementalist began the quest
                  | for the Orb.
     0 | D:1      | Reached XP level 1. HP: 10/10 MP: 3/3
   201 | D:1      | Reached skill level 4 in Earth Magic
   331 | D:1      | Reached XP level 2. HP: 15/15 MP: 3/5
   383 | D:1      | Found Fifac's Antique Armour Boutique.
   481 | D:1      | Found Veghul's Assorted Antiques.
   490 | D:1      | Bought a scroll labelled EDUUJA IDAIB for 30 gold pieces
   957 | D:1      | Reached skill level 5 in Earth Magic
   957 | D:1      | Reached XP level 3. HP: 19/19 MP: 4/6
   961 | D:1      | Learned a level 3 spell: Stone Arrow
   993 | D:1      | Found Bauq's General Store.
  1004 | D:1      | Bought a scroll of amnesia for 44 gold pieces
  1004 | D:1      | Bought a potion of might for 44 gold pieces
  1027 | D:1      | Found Ruaroy's Antique Weapon Emporium.
  1148 | D:1      | Bought a lumpy blue potion for 27 gold pieces
  1148 | D:1      | Bought a scroll labelled EDUUJA IDAIB for 30 gold pieces
  1148 | D:1      | Bought a scroll labelled LAHYSE XIJALEU for 30 gold pieces
  1532 | D:2      | Found a faded altar of an unknown god.
  1596 | D:2      | Got Plato's Enchiridion on Envenoming
  1850 | D:2      | Found a glowing silver altar of Zin.
  2112 | D:3      | Reached XP level 4. HP: 19/24 MP: 0/7
  2246 | D:3      | Identified the +3 ring mail of Morosuwk {rC++ rCorr Dex-3}
  2256 | D:3      | Found a white marble altar of Elyvilon.
  2544 | D:3      | Reached skill level 6 in Earth Magic
  3021 | D:4      | HP: 1/36 [gnoll/+0 spear[a gnoll bouda] (4)]
  3022 | D:4      | Slain by a gnoll bouda

Illustrated notes

Levels and vault maps discovered:
D:1:      enne_arrival_octagon_isle, layout_loops_corners, serial_shops, shop,
          shop, nicolae_shop_overgrown_old_shop, shop_coins
D:2:      layout_loops_ring, basic_altar, shapermc_ecumenical_altar_rom_forum
D:3:      layout_basic, nicolae_elyvilon_peaceful_grove, serial_park_tiny_1,
          minmay_vboxes
D:4:      layout_basic, mainiacjoe_overflow_concentric_impassable,
          minmay_temple_entry_glass, minmay_door_square, minmay_diced_spiral

Skill      XL: |  1  2  3  4 |
---------------+-------------+-----
Earth Magic    | 4 5 6 |  6.2
Dodging        | |  1.5
Stealth        | |  2.1
Spellcasting   | |  2.1
Transmutations | |  0.7

Action                     |  1- 3 |  4- 6 || total
---------------------------+-------+-------++-------
  Melee: Dagger            |     1 |       ||     1
   Cast: Sandblast         |    57 |    26 ||    83
    Use: Scroll            |     3 |       ||     3
         Potion            |       |     1 ||     1
 Armour: Robe              |     8 |     5 ||    13
  Dodge: Dodged            |     3 |     5 ||     8

Table legend: (Time is in decaauts)
 A = Elapsed time spent in this place.
 B = Non-inter-level travel time spent in this place.
 C = Inter-level travel time spent in this place.
 D = Time resting spent in this place.
 E = Time spent auto-exploring this place.
 F = Levels seen in this place.
 G = Mean time per level.
                   A        B        C        D        E       F      G
               +--------+--------+--------+--------+--------+-----+--------+
         Total |   3061 |   2973 |     88 |      0 |   2664 |   4 |  765.2 |
       Dungeon |   3061 |   2973 |     88 |      0 |   2664 |   4 |  765.2 |
               +--------+--------+--------+--------+--------+-----+--------+

Top non-repeatable levels by time:
     D:1: 1189 daAuts
     D:2: 939 daAuts
     D:3: 878 daAuts
     D:4: 55 daAuts
